Description

Economic 3Base Opener with 7 Adept Timing @4:30

VOD

https://www.youtube.com/watch?v=m7Val4IvtlU

Build Order

Get SALT Encoding   

  14  0:20  Pylon  
  16  0:38  Gateway  
  18  0:55  Assimilator  
  19  1:20  Nexus  Natural
  20  1:32  Cybernetics Core  
  21  1:40  Assimilator  
  22  1:51  Pylon  
  23  2:10  Adept  Chrono Boost on Adept
  25  2:11  Warp Gate  No Chrono
  27  2:24  Twilight Council  
  29  2:34  Adept  Chrono Boost on Adept
  34  2:58  Resonating Glaives, Warp Gate  Chrono Boost on Glaives Tech, Switch 2nd Chrono Boost to Warp Gate Tech
  35  3:05  Gateway x2  
  36  3:10  Adept  
  42  3:30  Pylon  3rd
  42  3:35  Adept  
  46  3:50  Nexus  3rd, towards Zerg
  47  3:55  Pylon  3rd
  48  4:08  Adept x3  Warp-In at 3rd, Warp-In at 3rd, Warp-In at 3rd, go with 7Adept
Spawning Tool Build Advisor. Get it on Overwolf

Go to:

Details

  • Created by: dreign
  • Published on: Feb 20, 2017
  • Modified on: Feb 20, 2017
  • Patch: 3.8.0
Show
View Real Time Build Order
Export as new Build Order

Comments (0)

There are no comments. Be the first!

Create an account to comment!